 Dungeon Crawl Stone Soup version 0.31-a0-188-g5e087ee2ca (webtiles) character file.

Game seed: 13378872159502593688

27 qw the Shooter (level 2, 0/16 HPs)
             Began as a Deep Elf Hunter on June 23, 2023.
             Succumbed to their own poison gas
             ... on level 1 of the Dungeon.
             The game lasted 00:00:15 (448 turns).

qw the Shooter (Deep Elf Hunter)                     Turns: 448, Time: 00:00:16

Health: 0/16       AC:  5    Str:  8    XL:     2   Next: 93%
Magic:  4/4        EV: 10    Int: 13    God:
Gold:   40         SH:  0    Dex: 18    Spells: 1/1 levels left

rFire   . . .        Y - +0 shortbow
rCold   . . .        (shield currently unavailable)
rNeg    . . .        f - +0 ring mail
rPois   .            (no helmet)
rElec   .            (no cloak)
rCorr   .            (no gloves)
SInv    .            (no boots)
Will    .....        (no amulet)
Stlth   +            (no ring)
HPRegen 0.22/turn    (no ring)
MPRegen 0.09/turn

%: no passive effects
@: lethally poisoned (0 -> -9)
A: no striking features
a: no special abilities


You were on level 1 of the Dungeon.
You visited 1 branch of the dungeon, and saw 1 of its levels.

You collected 40 gold pieces.


   Skills:
 - Level 1.5 Fighting
 + Level 6.6 Ranged Weapons
 - Level 2.4 Dodging
 - Level 1.2 Stealth


You had one spell level left.
You didn't know any spells.
Your spell library was empty.

Inventory:

Hand Weapons
 Y - a +0 shortbow (weapon)
Armour
 f - a +0 ring mail (worn)

Dungeon Overview and Level Annotations

Branches:
Dungeon (1/15)

Altars:


Message History

A kobold is nearby!
441 ||| READING scroll labelled EREZIY WIEMEFE.
As you read the scroll labelled EREZIY WIEMEFE, it crumbles to dust.
It is a scroll of identify.
Really abort (and waste the scroll)?
A kobold is nearby!
442 ||| READING scroll labelled TAAKYQE AH LYL.
The air fills with toxic fumes!
As you read the scroll labelled TAAKYQE AH LYL, it crumbles to dust.
It was a scroll of poison.
A kobold is nearby!
443 ||| READING scroll labelled UFIGHA REIGE.
As you read the scroll labelled UFIGHA REIGE, it crumbles to dust.
You assume a fearsome visage.
Nothing appears to happen.
It was a scroll of fear.
A kobold is nearby!
444 ||| DROPPING scroll of butterflies.
You drop a scroll of butterflies.
A kobold is nearby!
A kobold is nearby!
Enter note:
Enter note:
Enter note: Really walk into that cloud of poison gas?
You are engulfed in poison gas.
You are lethally poisoned!
You feel very sick.
Enter note:
Enter note:
Enter note:
Enter note:
Enter note:
Enter note:
446 ||| Stepping ~*~*~tactically~*~*~ (cloud).
You feel very sick.
Things that are here:
a scroll of butterflies; a +0 leather armour
There is a lethal amount of poison in your body!
You feel sick.
There is a lethal amount of poison in your body!
You die...

#.#.......#....... #
#.#...)...##..#... ..
#.#¤¤............#
.#.###.#¤......##..#.##
.......¤¤...##.......##
# #..¤¤.......#......
.#~ #..¤#######.#.#####
.#~#¤###¤# .#.
K#~#¤0¤@¤# .# #
.#~#.###¤# ## .#~ #..¤#
.. # #..¤# # ....¤# #.#
.....¤¤ ... ########
#.. #.. #..


You could see a kobold.

Vanquished Creatures
  A dart slug (D:1)
  5 ball pythons (D:1)
  2 endoplasms (D:1)
  2 goblins (D:1)
  4 hobgoblins (D:1)
  2 kobolds (D:1)
  2 quokkas (D:1)
  2 bats (D:1)
  A rat (D:1)
21 creatures vanquished.

Notes
Turn   | Place    | Note
-------+----------+-------------------------------------------
     0 | D:1      | qw the Deep Elf Hunter began the quest for the Orb.
     0 | D:1      | Reached XP level 1. HP: 12/12 MP: 3/3
     0 | D:1      | 0 ||| qw: Version: 0.3-a-9-g12657ce
     0 | D:1      | 0 ||| qw: Game counter: 4223
     0 | D:1      | 0 ||| qw: Always use a shield: true
     0 | D:1      | 0 ||| qw: God list: Okawaru
     0 | D:1      | 0 ||| qw: Allow faded altars: false
     0 | D:1      | 0 ||| qw: Do Orc after D:15 true
     0 | D:1      | 0 ||| qw: Do second Lair branch before Depths: true
     0 | D:1      | 0 ||| qw: Lair rune preference: random
     0 | D:1      | 0 ||| qw: Plans: Normal
     0 | D:1      | 0 ||| PLANNING D:1-11
    47 | D:1      | Reached XP level 2. HP: 16/16 MP: 4/4
    64 | D:1      | Reached skill level 6 in Ranged Weapons
   430 | D:1      | 430 ||| UPGRADING to +0 ring mail.
   440 | D:1      | 440 ||| DROPPING +0 leather armour.
   441 | D:1      | 441 ||| READING scroll labelled EREZIY WIEMEFE.
   442 | D:1      | 442 ||| READING scroll labelled TAAKYQE AH LYL.
   443 | D:1      | 443 ||| READING scroll labelled UFIGHA REIGE.
   444 | D:1      | 444 ||| DROPPING scroll of butterflies.
   446 | D:1      | 446 ||| Stepping ~*~*~tactically~*~*~ (cloud).
   446 | D:1      | HP: 3/16 [poisoned by you (poison gas)]
   447 | D:1      | HP: 1/16 [poisoned by you (poison gas)]
   448 | D:1      | Succumbed to their own poison gas

Levels and vault maps discovered:
D:1:      grunt_arrival_lava_bath, layout_loops_cross,
          shapermc_ecumenical_altar_mp_vishouse, grunt_decor_cap,
          minmay_misc_feat_hallway, lemuel_flame_loot_1

Skill      XL: |  1  2 |
---------------+-------+-----
Ranged Weapons | 6 |  6.6
Fighting       | |  1.5
Dodging        | |  2.4
Stealth        | |  1.2

Action                     || total
---------------------------++-------
   Fire: Shortbow          ||    61
    Use: Scroll            ||     3
 Armour: Leather armour    ||     9
  Dodge: Dodged            ||    14

Table legend:
 A = Non-vault XP
 B = Vault XP
 C = Vault XP percentage of total XP
 D = Non-vault monster count
 E = Vault monster count
 F = Vault count percentage of total count
                 A         B        C        D         E       F
            +---------+---------+-------+---------+---------+-------
      Total |      39 |       0 |   0.0 |      21 |       0 |   0.0
            +---------+---------+-------+---------+---------+-------
        D:1 |      39 |       0 |   0.0 |      21 |       0 |   0.0
            +---------+---------+-------+---------+---------+-------
